 Dungeon Crawl Stone Soup version 0.30-b1-2-g02819fbbbe (webtiles) character file.

Game seed: 17085425356789595241

1827 redmage the Geomancer (level 9, -6/62 HPs)
             Began as a Meteoran Earth Elementalist on Aug 3, 2023.
             Was an Initiate of Sif Muna.
             Mangled by an unseen horror (10 damage)
             ... on level 7 of the Dungeon.
             The game lasted 00:23:37 (1373 turns).

redmage the Geomancer (Meteoran Earth Elementalist) Turns: 1373, Time: 00:23:38

Health: -6/62      AC:  2    Str: 10    XL:     9   Next: 58%
Magic:  2/16       EV: 17    Int: 24    God:    Sif Muna [......]
Gold:   249        SH:  0    Dex: 14    Spells: 10/16 levels left

rFire   . . .        a - +8 rapier of Gin and Tonic {venom, Int+2}
rCold   + . .        (no shield)
rNeg    . . .        t - +0 robe
rPois   .            (no helmet)
rElec   .            (no cloak)
rCorr   .            (no gloves)
SInv    .            (no boots)
Will    +....        (no amulet)
Stlth   +            c - +5 ring of evasion
HPRegen 0.30/turn    j - ring of protection from cold
MPRegen 0.15/turn

%: no passive effects
@: glowing
A: sense surroundings 2, otherworldly, glowing, explore regen
a: Renounce Religion


You were on level 7 of the Dungeon.
You worshipped Sif Muna.
Sif Muna was noncommittal.
You visited 2 branches of the dungeon, and saw 9 of its levels.
You also visited: Ossuary.

You collected 249 gold pieces.

Inventory:

Hand Weapons
 a - the +8 rapier of Gin and Tonic (weapon) {venom, Int+2}
   (You found it on level 7 of the Dungeon)

   Int:       It affects your intelligence (+2).
Missiles
 m - 2 poisoned darts
Armour
 t - a +0 robe (worn)
Jewellery
 c - a +5 ring of evasion (left hand)
 j - a ring of protection from cold (right hand)
 n - a +6 ring of strength
Wands
 o - a wand of roots (12)
 u - a wand of digging (3)
Scrolls
 f - a scroll of magic mapping
Potions
 b - a potion of magic
 d - a potion of ambrosia {unknown}
 e - 2 potions of might
 g - a potion of mutation
 h - 2 potions of curing
 i - a potion of haste {unknown}
 k - 2 potions of flight {unknown}
 q - 2 potions of degeneration {unknown}
 r - a potion of brilliance {unknown}
 s - a potion of resistance {unknown}


   Skills:
 + Level 2.6 Short Blades
 - Level 2.4 Dodging
 - Level 1.4 Stealth
 - Level 4.1 Spellcasting
 * Level 8.6 Conjurations
 - Level 3.2 Transmutations
 * Level 9.2 Earth Magic
 + Level 3.3 Invocations


You had 10 spell levels left.
You knew the following spells:

 Your Spells              Type           Power      Damage    Failure   Level
a - Sandblast             Erth           98%        2d20      1%          1
b - Passwall              Tmut/Erth      28%        N/A       1%          2
c - Stone Arrow           Conj/Erth      94%        3d12      1%          3

Your spell library contained the following spells:

 Spells                   Type           Power      Damage    Failure   Level
 Magic Dart               Conj           100%       1d8       1%          1
 Petrify                  Tmut/Erth      34%        N/A       8%          4
 Mephitic Cloud           Conj/Pois/Air  18%        N/A       9%          3
 Call Imp                 Summ           8%         N/A       14%         2
 Gell's Gravitas          Tloc           4%         N/A       28%         3
 Summon Guardian Golem    Hex/Summ       4%         N/A       28%         3
 Teleport Other           Tloc           4%         N/A       28%         3
 Orb of Destruction       Conj           23%        9d8       93%         7
 Dispersal                Tloc           2%         N/A       100%        6
 Spellforged Servitor     Conj/Summ      12%        N/A       100%        7


Dungeon Overview and Level Annotations

Branches:
Dungeon (8/15) Zot: 3664   Temple (1/1) D:7 Zot: 534 Ossuary (visited)
   Lair: D:8-11

Altars:
Ashenzari
Dithmenos
Elyvilon
Fedhas
Gozag
Hepliaklqana
Kikubaaqudgha
Makhleb
Nemelex Xobeh
Okawaru
Qazlal
Ru
Sif Muna
Trog
Uskayaw
Vehumet
Wu Jian
Xom
Yredelemnul
Zin
The Shining One

Shops:
D:1 [

Annotations:
D:2 exclusion: upstairs
D:3 exclusion: upstairs
D:4 2 runed translucent doors, exclusion: 2 upstairs, TobyConnect's ghost, amateur DsFi
D:5 exclusion: upstairs
D:6 exclusion: upstairs
D:7 exclusion: upstairs


Innate Abilities, Weirdness & Mutations

You passively map the area around you.
You are easily found by Zot.
You glow in the dark.
You regain HP and MP as you explore.


Message History

Aiming: Stone Arrow (safe; 1% risk of failure)
Press: ? - help, Shift-Dir - straight line, f/p - wraith
Aim: a wraith (severely damaged, 76% to hit)
The stone arrow hits the wraith!!
You destroy the wraith!
Sif Muna accepts your kill. Something hits you. Something hits you.
Something hits you!
You see here 9 stones.
Something hits you!
* * * LOW HITPOINT WARNING * * *
Something hits you.
* * * LOW HITPOINT WARNING * * *
You see here 13 gold pieces.
You feel much better. Something hits you.
You now have 249 gold pieces (gained 13).
Something hits you! Something hits you.
* * * LOW HITPOINT WARNING * * *
Blink to where?
Press: ? - help, Dir - move target
As you read the scroll of blinking, it crumbles to dust.
Something hits you!
* * * LOW HITPOINT WARNING * * *
Something hits you.
* * * LOW HITPOINT WARNING * * *
You feel much better. Something hits you.
Casting: Stone Arrow (safe; 1% risk of failure)
Confirm with . or Enter, or press ? or * to list all spells.
Aiming: Stone Arrow (safe; 1% risk of failure)
Press: ? - help, Shift-Dir - straight line The stone arrow hits something!!
Something hits you. Something hits you!
* * * LOW HITPOINT WARNING * * *
Unknown command.
Unknown command.
Something hits you!
* * * LOW HITPOINT WARNING * * *
Something hits you but does no damage. Something hits you!
You die...

. . , ...# ###.# *
#.# .# *.# #. ,
#..###...# #.# .#
....#., #..##.#* #.#
.#..O..#.#, #.##.####
#.# ..Y. ,....
#.......# #<# D#..
..#..######...###.###
#[#
.#.....#.........###
#...####.###
####.#####.###.#.#
###.........
8#.....#.....#)#@#
#.....<...
.#.#.#.#.....#...#
##........
....#...(....)...#
#..>.....
.#.#O#.#.....#..##
#........
8#.....#...).#..#
#........
####)#####)###..#
#........
#.....#.)......#
#........
.#.⌠.⌠.#.###....#
#........
....⌠....###.####
#........


There were no monsters in sight!

Vanquished Creatures
  Grinder (D:5)
  A wraith (D:7)
  A yak (D:7)
  A steam dragon (D:7)
  A water moccasin (D:5)
  An ice beast (D:7)
  A black bear (D:5)
  3 ogres
  2 bullfrogs (D:7)
  A water moccasin zombie (Ossuary)
  2 scorpions
  A howler monkey (D:4)
  5 orc priests
  2 iguanas
  2 orc wizards (D:7)
  3 mummies
  3 adders
  A white imp (D:7)
  3 adder zombies (Ossuary)
  2 dart slugs (D:5)
  8 orcs
  2 ball pythons
  3 endoplasms
  5 gnoll zombies (Ossuary)
  7 goblins
  2 bats
  8 hobgoblin zombies (Ossuary)
  7 kobolds
  6 kobold zombies (Ossuary)
  An orc zombie (Ossuary)
  2 rats
88 creatures vanquished.

Notes
Turn   | Place    | Note
-------+----------+-------------------------------------------
     0 | D:1      | redmage the Meteoran Earth Elementalist began the quest for
                  | the Orb.
     0 | D:1      | Reached XP level 1. HP: 14/14 MP: 5/5
    62 | D:1      | Reached XP level 2. HP: 20/20 MP: 2/6
    66 | D:1      | Found Quroromm's Armour Shoppe.
    86 | D:2      | Reached skill level 4 in Earth Magic
   173 | D:3      | Reached XP level 3. HP: 26/26 MP: 6/8
   176 | D:3      | Learned a level 2 spell: Passwall
   180 | D:3      | Learned a level 3 spell: Stone Arrow
   269 | D:5      | Entered Level 5 of the Dungeon
   294 | D:5      | Noticed a black bear
   298 | D:5      | Reached XP level 4. HP: 19/33 MP: 5/10
   331 | D:4      | Found a runed translucent door.
   332 | D:4      | Noticed TobyConnect's ghost (amateur DsFi)
   335 | D:4      | Found a sand-covered staircase.
   357 | Ossuary  | Entered an ossuary
   364 | Ossuary  | Reached skill level 5 in Earth Magic
   408 | Ossuary  | Reached XP level 5. HP: 29/38 MP: 5/11
   507 | Ossuary  | Reached XP level 6. HP: 45/45 MP: 4/13
   604 | D:4      | Found a runed translucent door.
   642 | D:4      | Reached skill level 1 in Conjurations
   642 | D:4      | Reached skill level 6 in Earth Magic
   681 | D:5      | Reached XP level 7. HP: 50/50 MP: 10/14
   708 | D:5      | Found a glowing silver altar of Zin.
   749 | D:5      | Noticed a water moccasin
   753 | D:5      | Killed a water moccasin
   826 | D:6      | Reached skill level 5 in Conjurations
   826 | D:6      | Reached skill level 7 in Earth Magic
   831 | D:6      | Found a blossoming altar of Fedhas.
   898 | D:5      | Reached XP level 8. HP: 57/57 MP: 12/15
   982 | D:5      | Noticed Grinder
   987 | D:5      | Killed Grinder
  1125 | D:7      | Found a staircase to the Ecumenical Temple.
  1165 | D:7      | Identified the +8 rapier of Gin and Tonic {venom, Int+2}
  1183 | Temple   | Entered the Ecumenical Temple
  1239 | Temple   | Became a worshipper of Sif Muna the Loreminder
  1260 | D:8      | Noticed a yak
  1260 | D:8      | Noticed a yak
  1260 | D:8      | Noticed a basilisk
  1260 | D:8      | Noticed a yak
  1260 | D:8      | Noticed a yak
  1260 | D:8      | Noticed a wyvern
  1269 | D:7      | Killed a yak
  1270 | D:7      | Reached skill level 8 in Earth Magic
  1270 | D:7      | Reached skill level 1 in Invocations
  1293 | D:7      | Reached skill level 1 in Short Blades
  1293 | D:7      | Gained mutation: You passively map the area around you.
                  | [Meteoran growth]
  1293 | D:7      | Reached XP level 9. HP: 62/62 MP: 11/16
  1355 | D:7      | Reached skill level 9 in Earth Magic
  1373 | D:7      | Mangled by an unseen horror

Illustrated notes

Levels and vault maps discovered:
D:1:      shiori_arrival_elements, layout_loops_ring, serial_shops,
          nicolae_shop_tiny_waterfront
D:2:      layout_basic, basic_altar, st_stairs_11
D:3:      layout_loops_corners
D:4:      layout_cave_pods, ebering_ghost_sewer_f, gup_ossuary_entry_pyramid,
          uniq_sigmund, uniq_ijyb
D:5:      layout_gridville, zin_statuary, uniq_crazy_yiuf_cottage, uniq_grinder
D:6:      layout_cave_pools, lemuel_coloured_pillars_altar
D:7:      layout_rooms, minmay_temple_entry_offerings, minmay_chambers_of_fives
D:8:      layout_loops_ring, minmay_lair_entry_grove, st_stairs_8
Temple:   compressed_dpeg_triangle_lava_temple

Skill      XL: |  1  2  3  4  5  6  7  8  9 |
---------------+----------------------------+-----
Earth Magic    | 4 5 6 7 8 9 |  9.2
Spellcasting   | 3 4 |  4.1
Transmutations | 2 3 |  3.2
Conjurations   | 3 5 7 8 |  8.6
Invocations    | 1 3 |  3.3
Short Blades   | 1 2 |  2.6
Dodging        | |  2.4
Stealth        | |  1.4

Action                     |  1- 3 |  4- 6 |  7- 9 || total
---------------------------+-------+-------+-------++-------
  Melee: Dagger            |       |    12 |     1 ||    13
         Rapier            |       |       |     3 ||     3
   Cast: Sandblast         |    23 |    58 |    27 ||   108
         Passwall          |       |     3 |     7 ||    10
         Stone Arrow       |       |     1 |    29 ||    30
  Evoke: Wand              |       |     1 |       ||     1
    Use: Scroll            |     3 |     5 |     3 ||    11
         Potion            |       |       |     2 ||     2
   Stab: Sleeping          |       |       |     1 ||     1
 Armour: Robe              |       |     9 |     3 ||    12
  Dodge: Dodged            |     3 |    25 |     6 ||    34
